 Dungeon Crawl Stone Soup version 0.24-a0-509-ga1643a6788 (webtiles) character file.

Game seed: 4763676309761723992

28 KristoblXynda the Charmwright (level 2, 0/24 HPs)
             Began as a Draconian Skald on July 19, 2019.
             Slain by an adder (1 damage)
             ... on level 2 of the Dungeon.
             The game lasted 00:01:24 (1058 turns).

KristoblXynda the Charmwright (Draconian Skald)     Turns: 1058, Time: 00:01:24

Health: 0/24       AC:  4    Str: 13    XL:     2   Next: 96%
Magic:  4/5        EV: 13    Int: 13    God:
Gold:   57         SH:  0    Dex: 13    Spells: 4/5 levels left

rFire    . . .     SeeInvis .   a - +0 hand axe
rCold    . . .     Gourm    .   (no shield)
rNeg     . . .     Faith    .   (armour unavailable)
rPois    .         Spirit   .   (helmet restricted)
rElec    .         Reflect  .   (no cloak)
rCorr    .         Harm     .   (no gloves)
MR       +....                  (no boots)
Stlth    +.........             (no amulet)
HPRegen  0.08/turn              f - +3 ring of dexterity
MPRegen  0.09/turn              j - ring of protection from magic

@: lethally poisoned (0 -> -16), infused, flying, hasted, very quick
A: unfitting armour, cold-blooded, AC +4
a: no special abilities


You were on level 2 of the Dungeon.
You were hungry.

You visited 1 branch of the dungeon, and saw 2 of its levels.

You collected 57 gold pieces.

Inventory:

Hand Weapons
 a - a +0 hand axe (weapon)
Armour
 m - a scarf of resistance
Jewellery
 f - a +3 ring of dexterity (left hand)
 j - a ring of protection from magic (right hand)
Scrolls
 b - a scroll of enchant weapon {unknown}
 d - a scroll of remove curse
 g - a scroll of teleportation {unknown}
 h - a scroll of blinking {unknown}
Comestibles
 c - 4 rations
 l - 2 chunks of flesh


   Skills:
 - Level 2.1 Fighting
 * Level 2.8 Axes
 + Level 2.4 Dodging
 - Level 2.0 Spellcasting
 + Level 3.0 Charms


You had 4 spell levels left.
You knew the following spells:

 Your Spells              Type           Power        Failure   Level  Hunger
a - Infusion              Chrm           #...         8%          1    ##.....

Your spell library contained the following spells:

 Spells                   Type           Power        Failure   Level  Hunger
 Song of Slaying          Chrm           #.......     11%         2    ###....
 Shroud of Golubria       Chrm/Tloc      #.....       21%         2    ###....
 Regeneration             Chrm/Necr      #.........   38%         3    ####...
 Spectral Weapon          Hex/Chrm       #.......     38%         3    ####...


Dungeon Overview and Level Annotations

Branches:
Dungeon (2/15)

Altars:


Innate Abilities, Weirdness & Mutations

Your plain brown scales are hard. (AC +4)
You cannot fit into any form of body armour.
You are cold-blooded and may be slowed by cold attacks.


Message History

You are lethally poisoned!
The adder poisons you! The adder bites you but does no damage.
Unknown command.
Casting: Infusion (safe; 8% risk of failure)
Confirm with . or Enter, or press ? or * to list all spells.
You begin infusing your attacks with magical energy.
The adder bites you.
* * * LOW HITPOINT WARNING * * *
You are more poisoned.
The adder poisons you!
It was a potion of flight.
You feel very buoyant.
You fly up into the air.
* * * LOW HITPOINT WARNING * * *
You feel sick. The adder barely misses you.
Unknown command.
It was a potion of haste.
You feel yourself speed up.
* * * LOW HITPOINT WARNING * * *
You feel sick. The adder barely misses you. The adder bites you.
You die...

#.# #.# ## ## .#
#. .# #.♣.# ...
#.# ###
##.#######
#[..##...##...##
♣.S@.♣.'..♣.<#
#...##...##...##
### ##.#######
...# ##..# ....
##.## #. #.


You could see an adder.

Vanquished Creatures
  An adder (D:2)
  A worm (D:1)
  A leopard gecko (D:1)
  A goblin (D:1)
  3 hobgoblins (D:1)
  3 bats (D:1)
  A frilled lizard (D:2)
  2 kobolds (D:1)
  2 rats (D:1)
15 creatures vanquished.

Notes
Turn   | Place    | Note
-------+----------+-------------------------------------------
     0 | D:1      | KristoblXynda the Draconian Skald began the quest for the
                  | Orb.
     0 | D:1      | Reached XP level 1. HP: 17/17 MP: 3/3
   427 | D:1      | Reached XP level 2. HP: 22/24 MP: 5/5
  1038 | D:2      | Reached skill level 3 in Charms
  1058 | D:2      | HP: 1/24 [poisoned by an adder]
  1058 | D:2      | Slain by an adder

Levels and vault maps discovered:
D:1:      ebering_trefoil_twist, layout_basic
D:2:      layout_loops_cross, chequers_ecumenical_altar_simple_redux,
          chequers_big_river, grunt_ministairs_5, uniq_terence

Skill      XL: |  1  2 |
---------------+-------+-----
Charms         | 3 |  3.0
Fighting       | |  2.1
Axes           | |  2.8
Dodging        | |  2.4
Spellcasting   | |  2.0

Action                   || total
-------------------------++-------
Melee: Hand axe          ||    71
       Tailslap          ||     8
 Cast: Infusion          ||     1
  Use: Potion            ||     3
       Scroll            ||     1
 Stab: Sleeping          ||     1
Armor: Skin              ||    28
Dodge: Dodged            ||    79

Table legend:
 A = Non-vault XP
 B = Vault XP
 C = Vault XP percentage of total XP
 D = Non-vault monster count
 E = Vault monster count
 F = Vault count percentage of total count
                 A         B        C        D         E       F
            +---------+---------+-------+---------+---------+-------
      Total |      39 |       1 |   2.5 |      14 |       1 |   6.7
            +---------+---------+-------+---------+---------+-------
        D:1 |      26 |       0 |   0.0 |      13 |       0 |   0.0
        D:2 |      13 |       1 |   7.1 |       1 |       1 |  50.0
            +---------+---------+-------+---------+---------+-------
